Merlek, neutral female valkyrie Shieldmaiden ---- ---- ---- - |..| ------ ---- |..------ --..| |..|. |..| |....| ---..| |.[.....-- |...--- #. |. ------ - ---- -#---|....---|....------- |........-- n...).| ---#- -.---....| |..|..| #|..--.....--..*...|..u----........---###-....#)%...|--......./--- |..|..| ##............<..`.|....|............[# |..--- |"..|............|---..).| |.............................}...[.| ---- |......../.......|-.....-- --..................(./.......}.....| ---......%......f|......-- |............................}....-- ---...................n| ------............................}...-- @ H w @ |........U...........| |..-|..........................`..}...--- w@wcHwwHc --..................-- |...|}........................)/........| n@nncHcn -----.../..............| --...}.....)......................%.....| !@w@HHncc|..|.......%..........-| --..}|..|%.........---.....`...........| |ccwcwnH. |.................|....| -------|...........|---..............%-- -Hcc`HH` ----..............|....| |..|........- |............--...| -nHc@@- |...[......>.....`..-| |..|.........||..........-#---.u| ---@--- ##....|........|......| ---|....|....||...--------#- --#---####### ##|..-----...|..-.-....| -------------...| |.`| ##..# ### ---- -------..|..--- --..| |..| |..| |..|..| ---- ---- ---- ------- Merlek the Shieldmaiden Experience level: 22 Strength: 25 Dexterity: 18 Constitution: 18 Intelligence: 14 Wisdom: 14 Charisma: 12 Health: 0(158) Energy: 86(86) Def: 20 Gold: 0 Moves: 29667 Dungeon seed [set]: Game ID: Merlek_1695828110 Your Inventory: Amulets G - an uncursed amulet of reflection (being worn) Weapons u - a blessed +5 silver saber (weapon in hand) Armor o - a blessed greased +4 helm of brilliance (being worn) B - a blessed greased rustproof +2 pair of gauntlets of power (being worn) N - an uncursed +0 dwarvish mithril-coat (being worn) Comestibles R - an uncursed lizard corpse Potions d - an uncursed potion of object detection f - an uncursed potion of extra healing g - a cursed potion of levitation i - an uncursed potion of sickness j - an uncursed potion of paralysis p - an uncursed potion of gain ability r - an uncursed potion of levitation P - a cursed potion of object detection Q - 4 uncursed potions of water S - a cursed potion of booze T - an uncursed potion of sleeping U - an uncursed potion of fruit juice Z - an uncursed potion of polymorph Wands c - an uncursed wand of cold (0:1) m - an uncursed wand of probing (0:5) t - an uncursed wand of magic missile (0:4) C - an uncursed wand of digging (0:3) L - an uncursed wand of undead turning (0:7) Tools h - an uncursed +0 unicorn horn l - a blessed magic lamp s - an uncursed mirror x - an uncursed corroded +0 pick-axe I - a blessed greased bag of holding V - the blessed Orb of Fate (0:5) W - the uncursed Bell of Opening (0:3) Contents of the bag of holding: 11324 gold pieces an uncursed amulet of life saving an uncursed amulet of magical breathing a [uncursed] amulet versus poison a [uncursed] [+2] T-shirt 2 uncursed lembas wafers 2 uncursed lizard corpses 3 uncursed tins of nurse meat 2 blessed scrolls of blank paper 2 uncursed scrolls of blank paper 4 cursed scrolls of blank paper a blessed scroll of charging a [uncursed] scroll of create monster 2 uncursed scrolls of earth a [blessed] scroll of enchant weapon a blessed scroll of fire 2 uncursed scrolls of fire a blessed scroll of genocide a blessed scroll of gold detection 3 uncursed scrolls of gold detection a blessed scroll of identify an uncursed scroll of magic mapping 3 uncursed scrolls of remove curse 3 uncursed scrolls of scare monster an uncursed scroll of scare monster a blessed scroll of teleportation 7 uncursed scrolls of teleportation a cursed scroll of teleportation an uncursed potion of acid a [uncursed] potion of blindness a [cursed] potion of booze a blessed potion of extra healing an uncursed potion of extra healing a [uncursed] potion of full healing 2 potions of holy water a blessed potion of object detection a [uncursed] potion of oil an uncursed potion of paralysis 2 uncursed potions of restore ability a [uncursed] potion of speed an uncursed ring of conflict an uncursed ring of levitation an uncursed ring of polymorph control an uncursed ring of regeneration an uncursed ring of shock resistance an uncursed ring of sustain ability an uncursed ring of teleport control an uncursed wand of cold [0:5] an uncursed wand of death (0:7) an uncursed wand of death (0:2) an uncursed wand of digging [0:6] an uncursed wand of digging [0:6] an uncursed wand of enlightenment [0:5] an uncursed wand of fire [0:4] an uncursed wand of fire [0:6] a [blessed] wand of fire [0:6] an uncursed wand of lightning (0:3) an uncursed wand of lightning [0:4] an uncursed wand of locking (0:6) an uncursed wand of opening (0:4) an uncursed wand of secret door detection (0:13) an uncursed wand of sleep (0:5) an uncursed wand of slow monster (0:3) an uncursed wand of speed monster (0:5) an uncursed wand of speed monster (0:3) an uncursed wand of striking [0:4] an uncursed wand of teleportation (0:6) an uncursed bugle an uncursed can of grease (2:5) a blessed magic lamp an uncursed magic marker (0:33) an uncursed magic whistle an uncursed oilskin sack an uncursed tinning kit [0:53] an uncursed tooled horn Spells and supernatural/magical abilities: Name Level Category Fail Memory a - light 1 divination 100% 37% b - drain life 3 attack 100% 77% c - wizard lock 2 matter 100% 77% d - detect food 2 divination 100% 77% e - sleep 2 enchantment 100% 78% f - slow monster 1 enchantment 100% 84% g - levitation 4 escape 100% 94% h - magic missile 2 attack 100% 94% i - invisibility 4 escape 100% 94% j - haste self 3 escape 100% 94% k - extra healing 3 healing 100% 94% l - confuse monster 2 enchantment 100% 94% m - detect monsters 1 divination 100% 94% W - pray for help -- divine ? -- Your skills at the end: Miscellaneous Skills bare handed combat [Basic] two weapon combat [Basic] shield [Master] wands [Basic] stealth [Basic] Weapon Skills dagger [Basic] saber [Basic] hammer [Expert] spear [Skilled] javelin [Skilled] Spellcasting Skills Final Attributes: You were piously aligned. You were fire resistant. You were cold resistant. You were sleep resistant. You were disintegration-resistant. You were shock resistant. You were poison resistant. You were confused. You were blinded. Your writing hand was ok. You were telepathic. You were warned. You were somewhat stealthy. You could fly. You were protected. You were fast. You had reflection. You were lucky. You had extra luck. Good luck did not time out for you. You are dead. Vanquished creatures: Medusa an iron golem a ki-rin 3 gray dragons 2 silver dragons 2 red dragons 4 white dragons an orange dragon a black dragon 2 blue dragons a yellow dragon 3 glass golems 7 purple worms 4 minotaurs 2 jabberwocks Lord Surtur 7 titanotheres 2 young silver dragons a young orange dragon a young black dragon 3 young blue dragons a young green dragon a stone golem 2 master mind flayers a Nazgul 3 pit fiends 2 sandestins a hell hound 2 trappers a baby gray dragon a gryphon 21 vampire lords 7 captains 2 water trolls a clay golem 8 nurses 3 ice devils 2 lurkers above 2 Aleaxes 12 frost giants 10 black puddings 43 vampires 86 ghosts 2 ettins 10 lieutenants a barbarian a winged gargoyle 7 giant mimics 42 fire giants 4 ogre kings 4 Elvenkings 11 rock trolls a grizzly bear 3 umber hulks 2 flesh golems 2 doppelgangers 7 hezrous 14 bone devils 5 large mimics 2 wumpuses 4 long worms 7 couatls 4 stalkers an air elemental an earth elemental 2 water elementals 2 hill giants 4 giant mummies 3 black nagas 2 elf-lords 4 xorns 38 giant zombies 8 sergeants 7 vrocks 8 wargs a winter wolf 4 hell hound pups 11 quantum mechanics 7 small mimics 5 island nymphs a glass piercer 2 warhorses 4 xans 3 ettin mummies 7 ogre lords 25 trolls 2 brown bears a sasquatch a wood golem 3 werebears 10 mariliths a djinni 4 pyrolisks 2 large dogs 5 stinking spheres a freezing sphere 6 flaming spheres 3 shocking spheres 6 tigers 3 gargoyles 3 dwarf kings 5 tengu 4 gelatinous cubes 5 ochre jellies 4 crocodiles 8 chameleons a leocrotta 4 mountain centaurs 13 giants 2 elf mummies 3 human mummies a red naga 9 Grey-elves a python 3 black bears 136 wraiths 33 ettin zombies 3 leather golems 52 soldiers 8 succubi 8 incubi 6 giant beetles 10 cockatrices 11 wolves 10 winter wolf cubs 5 black lights 4 lynxes a panther 31 gremlins 14 leprechauns 3 quivering blobs a spotted jelly 13 lizards 10 mountain nymphs 3 orc-captains 3 mumakil 10 giant spiders 3 scorpions 5 iron piercers 2 horses 4 ice vortices 8 vampire bats 10 forest centaurs 8 gnome kings 8 piranhas 3 giant eels 2 orc mummies a dwarf mummy 5 ogres a brown pudding 7 Green-elves 3 rust monsters 8 owlbears 3 yetis 2 gold golems 3 werewolves 3 warriors 2 dingos a housecat 4 jaguars 6 dwarf lords a blue jelly 4 water nymphs a white unicorn a gray unicorn a black unicorn 5 dust vortices 5 ravens 8 plains centaurs 3 gnome mummies 5 Woodland-elves a pit viper 12 apes 38 human zombies 9 soldier ants 92 fire ants 9 yellow lights 18 bugbears an imp 9 wood nymphs 13 Mordor orcs 26 Uruk-hai 15 orc shamans 2 rock moles 11 rock piercers 3 fog clouds 2 shriekers 4 violet fungi 12 gnome lords 9 gnomish wizards 3 jellyfish 2 kobold mummies a black naga hatchling 5 gray oozes 2 barrow wights 36 elf zombies 37 ghouls 4 paper golems 20 giant ants a puppy 11 floating eyes 3 kittens 17 dwarves 5 homunculi 8 quasits 3 kobold lords 2 kobold shamans 6 iguanas 58 hill orcs 10 rothes 2 rabid rats 2 centipedes 9 jitterbugs a giant bat 5 monkeys 42 orc zombies 38 dwarf zombies a wererat a werejackal 28 killer bees 5 coyotes 3 gas spores 6 hobbits an acid blob 2 large kobolds 8 geckos 21 hobgoblins 12 giant rats 2 cave spiders 2 brown molds 6 yellow molds 2 red molds 35 gnomes 21 garter snakes 20 manes 27 gnome zombies 12 jackals a fox 4 kobolds 13 newts 17 goblins 3 grid bugs 4 bats 6 lichens 27 kobold zombies 2079 creatures vanquished. Genocided or extinct species: master mind flayers liches demiliches master liches arch-liches wraiths (extinct) 5 species genocided. 1 species extinct. Voluntary challenges: You were not displaced. You donated to temples 3 times (receiving 6 points of protection), starting on turn 20434. You received temple protection 3 times, starting on turn 20434. You used a wielded weapon 3044 times, starting on turn 1373. You did not use sinks. You read items or engraved 103 times, starting on turn 1340. You genocided 5 types of monsters, starting on turn 20439. You never polymorphed an object. You never changed form. You completed Sokoban on turn 7848, according to the rules. You used 3 wishes, starting on turn 10156. You wished for your your first artifact on turn 10156. You carried an artifact on turn 10156. You split 7 puddings, starting on turn 16744. You never wrote Elbereth's name. You violated your moral code, losing 7 points of alignment, starting on turn 4839. Dungeon overview: The Dungeons of Doom: levels 1 to 29 Level 1 some fountains, a sink a long staircase Level 2 an altar to Tyr Level 3 Level 4 a fountain stairs to The Gnomish Mines Level 5 ( ) a hardware shop Level 6 (/oEnlightenement) a sink Level 7 Level 8 a general store Level 9 some fountains Level 10 (3.2k) a temple to Odin, a bench stairs to Sokoban Level 11 a potion shop Level 12 an altar to Loki Level 13 Level 14 (vault) a vault, some benchs Level 15 portal to The Quest Level 16 Level 17 a vault, a fountain Level 18 a vault, an armor shop Level 19 a sink Level 20 a vault, a general store Level 21 a fountain Level 22 an empty vault, some altars to Tyr Level 23 Level 24 Level 25 Level 26 Level 27 Level 28 Level 29 a magic chest, some fountains, some trees Gehennom: levels 30 to 35 Level 30 a temple to Moloch, a magic chest stairs to The Dungeons of Doom Level 31 Level 32 Level 33 Level 34 <- You were here Level 35 The Gnomish Mines: levels 5 to 12 Level 5 stairs to The Dungeons of Doom Level 6 Level 7 some shops, a temple to Loki, a magic chest, some fountains, a sink Level 8 Level 9 Level 10 Level 11 Level 12 many altars to Moloch, a magic chest, some fountains The Quest: levels 1 to 6 Level 1 a magic chest, a fountain portal to The Dungeons of Doom Level 2 Level 3 Level 4 Level 5 Level 6 Sokoban: levels 6 to 9 Level 6 a magic chest Level 7 (saddle) a sink Level 8 (SPEARS UNDER COIN) Level 9 a magic chest stairs to The Dungeons of Doom History has recorded: On T:1 you entered the Dungeons of Doom to retrieve the Amulet of Yendor! On T:252 you reached level 2 of The Dungeons of Doom. On T:285 you reached level 3 of The Dungeons of Doom. On T:527 you advanced to experience level 2. On T:723 you reached level 4 of The Dungeons of Doom. On T:809 you reached level 1 of The Gnomish Mines. On T:854 you advanced to experience level 3. On T:1133 you reached level 5 of The Dungeons of Doom. On T:1161 you advanced to experience level 4. On T:1208 you reached level 6 of The Dungeons of Doom. On T:1710 you reached level 2 of The Gnomish Mines. On T:1764 you advanced to experience level 5. On T:2399 you reached level 3 of The Gnomish Mines. On T:2583 you advanced to experience level 6. On T:3202 you entered the Minetown temple On T:3901 you advanced to experience level 7. On T:4374 you reached level 7 of The Dungeons of Doom. On T:4570 you reached level 8 of The Dungeons of Doom. On T:4860 you reached level 9 of The Dungeons of Doom. On T:4943 you advanced to experience level 8. On T:5109 you reached level 10 of The Dungeons of Doom. On T:5852 you reached level 4 of Sokoban. On T:5890 you opened a magic chest. On T:6203 you advanced to experience level 9. On T:6264 you reached level 3 of Sokoban. On T:6294 you prayed to Odin. On T:6803 you prayed to Odin. On T:6812 you reached level 2 of Sokoban. On T:7216 you reached level 1 of Sokoban. On T:7848 you advanced to experience level 10. On T:7848 you entered the Sokoban zoo. On T:8434 you reached level 11 of The Dungeons of Doom. On T:8590 you reached level 12 of The Dungeons of Doom. On T:9280 you reached level 4 of The Gnomish Mines. On T:10156 you wished for "The Platinum Yendorian Express Card". On T:10251 you reached level 13 of The Dungeons of Doom. On T:10761 you reached level 5 of The Gnomish Mines. On T:10989 you reached level 6 of The Gnomish Mines. On T:11261 you reached level 7 of The Gnomish Mines. On T:11599 you reached level 8 of The Gnomish Mines. On T:11599 you reached the bottom of the Mines. On T:12063 you advanced to experience level 11. On T:12801 you received Mjollnir from Odin. On T:13157 you reached level 14 of The Dungeons of Doom. On T:13443 you reached level 15 of The Dungeons of Doom. On T:13648 you reached level 16 of The Dungeons of Doom. On T:13648 you entered the Rogue tribute level. On T:15478 you reached level 17 of The Dungeons of Doom. On T:15555 you reached level 18 of The Dungeons of Doom. On T:16530 you reached level 19 of The Dungeons of Doom. On T:16834 you reached level 20 of The Dungeons of Doom. On T:16859 you reached level 21 of The Dungeons of Doom. On T:17671 you advanced to experience level 12. On T:17734 you reached level 22 of The Dungeons of Doom. On T:17821 you reached level 23 of The Dungeons of Doom. On T:18294 you reached level 1 of The Quest. On T:18323 you advanced to experience level 13. On T:18324 you advanced to experience level 14. On T:19459 you advanced to experience level 15. On T:19460 you advanced to experience level 16. On T:20442 you advanced to experience level 17. On T:20446 you wished for "blessed greased fixed +2 gauntlets of power". On T:20798 you advanced to experience level 18. On T:21123 you killed Medusa on level 23 of The Dungeons of Doom. On T:21143 you reached level 24 of The Dungeons of Doom. On T:21430 you reached level 25 of The Dungeons of Doom. On T:21472 you reached level 26 of The Dungeons of Doom. On T:21717 you reached level 27 of The Dungeons of Doom. On T:21733 you reached level 28 of The Dungeons of Doom. On T:21947 you reached The Castle. On T:22354 you advanced to experience level 19. On T:23111 you wished for "blessed fixed greased +3 speed boots". On T:23802 you advanced to experience level 20. On T:25308 you became pious. On T:25377 you embarked upon an epic quest. On T:25393 you reached level 2 of The Quest. On T:25455 you reached level 3 of The Quest. On T:25539 you reached level 4 of The Quest. On T:25599 you reached level 5 of The Quest. On T:25699 you reached level 6 of The Quest. On T:25775 you killed Lord Surtur on level 6 of The Quest. On T:26241 you completed the quest! On T:26804 you reached The Valley of the Dead. On T:26818 you advanced to experience level 21. On T:27620 you advanced to experience level 22. On T:28346 you unlocked the auto-wear option by descending the stairs in the Valley of the Dead. On T:28346 you reached level 2 of Gehennom. On T:28843 you reached level 3 of Gehennom. On T:29062 you reached level 4 of Gehennom. On T:29276 you reached level 5 of Gehennom. On T:29343 you reached level 6 of Gehennom. Score breakdown: Gold: 11324 ( 1132 points) Experience: 22 levels ( 2000 points) Exploration: 35 levels ( 1020 points) Discoveries: 127 items ( 2000 points) Variety of kills: 245 monsters ( 2000 points) Major goal: finished the Quest ( 2000 points) Survival: died (score multiplied by 3) Total score: 30456 Latest messages: Something seems to be holding you. The minotaur punches you! (2x) The minotaur butts! Something hacks you! Something misses. Something hurls a potion of blindness! The jar crashes on your head and breaks into shards. It suddenly gets dark. The minotaur punches you! (2x) The minotaur butts! The minotaur punches you! (2x) The minotaur butts! The bottle crashes on your head and breaks into shards. You feel somewhat dizzy. The minotaur punches you! (2x) The minotaur butts! The invisible captain slashes you! (2x) The minotaur punches you! (2x) The minotaur butts! The flagon crashes on your head and breaks into shards. Valkyrie, all your powers will be lost... You yawn. The minotaur punches you! You die... The oilskin sack is empty. Final status: Goodbye Merlek the Shieldmaiden, killed by a minotaur, while frozen by potion vapours... You died in Gehennom on dungeon level 34 with 30456 points, and 11324 pieces of gold, after 29667 moves. You were level 22 with a maximum of 158 hit points when you died.